 Dungeon Crawl Stone Soup version 0.30-b1-2-g02819fbbbe (webtiles) character file.

Game seed: 4003123475549372859

178 funkygono the Covered (level 5, -15/47 HPs)
             Began as a Minotaur Fighter on May 10, 2023.
             Demolished by an ogre
             ... wielding a +0 giant spiked club
              (28 damage)
             ... on level 4 of the Dungeon.
             The game lasted 00:03:26 (2837 turns).

funkygono the Covered (Minotaur Fighter)            Turns: 2837, Time: 00:03:27

Health: -15/47     AC:  9    Str: 23    XL:     5   Next: 32%
Magic:  4/4        EV:  8    Int:  5    God:
Gold:   174        SH:  4    Dex:  9    Spells: 4/4 levels left

rFire   . . .        a - +0 war axe
rCold   . . .        c - +0 buckler
rNeg    . . .        x - +0 chain mail
rPois   .            (helmet restricted)
rElec   .            (no cloak)
rCorr   .            (no gloves)
SInv    .            (no boots)
Will    .....        (no amulet) Stlth
                     (no ring)
HPRegen 0.27/turn    (no ring)
MPRegen 0.09/turn

%: no passive effects
@: no status effects
A: horns 2, retaliatory headbutt
a: no special abilities


You were on level 4 of the Dungeon.
You visited 1 branch of the dungeon, and saw 4 of its levels.

You collected 174 gold pieces.

Inventory:

Hand Weapons
 a - a +0 war axe (weapon)
Missiles
 n - 2 throwing nets (quivered)
Armour
 c - a +0 buckler (worn)
 x - a +0 chain mail (worn)
Wands
 b - a wand of polymorph (10)
 t - a wand of roots (11)
Scrolls
 e - 3 scrolls of identify {unknown}
 g - a scroll of fear {unknown}
 h - a scroll of enchant armour {unknown}
 i - a scroll of magic mapping {unknown}
 l - 2 scrolls of teleportation {unknown}
 m - a scroll of noise {unknown}
 o - a scroll of fog {unknown}
 q - a scroll of blinking {unknown}
 s - 3 scrolls of silence {unknown}
 v - a scroll of vulnerability {unknown}
Potions
 d - 2 potions of might
 f - 4 potions of curing {unknown}
 j - 2 potions of degeneration {unknown}
 k - 2 potions of lignification {unknown}
 p - a potion of mutation {unknown}
 r - a potion of berserk rage {unknown}
 u - a potion of flight {unknown}
 w - a potion of attraction {unknown}


   Skills:
 + Level 4.5 Fighting
 + Level 4.3 Axes
 + Level 5.0 Armour
 + Level 0.6 Dodging
 + Level 4.3 Shields


You had 4 spell levels left.
You didn't know any spells.
Your spell library contained the following spells:

 Spells                   Type           Power      Damage    Failure   Level
 Dazzling Flash           Conj/Hex       0%         N/A       100%        3
 Agony                    Necr           0%         N/A       100%        5
 Silence                  Hex/Air        0%         N/A       100%        5


Dungeon Overview and Level Annotations

Branches:
Dungeon (4/15)
 Temple: D:4-7

Altars:

Shops:
D:2 [

Annotations:
D:3 1 runed translucent door, Vruhak's ghost, weakling MfFi


Innate Abilities, Weirdness & Mutations

You have a pair of horns on your head.
You reflexively headbutt those who attack you in melee.


Message History

a +0 club; a +0 chain mail
x - a +0 chain mail You start removing your armour.
You continue taking off your +0 scale mail. x4
You finish taking off your +0 scale mail.
You start putting on your armour.
You continue putting on your +0 chain mail. x5
You finish putting on your +0 chain mail.
You drop a +0 scale mail.
Done exploring.
(D) Dungeon
Where to? (Enter - D:3 @ (x,y), ? - help)
What level of the Dungeon? (default 1, ? - help)
You see here a +0 club.
Vruhak's ghost turns its malevolent gaze towards you.
Vruhak's ghost waves a bulging coin purse at you.
There is a stone staircase leading down here.
You climb downwards.
Found a blackened gold wand.
There is a stone staircase leading up here.
b - a wand of polymorph (10)
Found a sling.
An ogre comes into view. It is wielding a +0 giant spiked club.
The ogre barely misses you.
You barely miss the ogre. You slash the ogre!
The ogre is moderately wounded.
The ogre hits you with a +0 giant spiked club!
You slash the ogre!
The ogre is severely wounded.
The ogre hits you with a +0 giant spiked club!
You hit the ogre but do no damage.
The ogre is severely wounded.
The ogre hits you with a +0 giant spiked club!
* * * LOW HITPOINT WARNING * * *
You barely miss the ogre. Your headbutt misses the ogre.
The ogre is severely wounded.
The ogre hits you with a +0 giant spiked club!!
Ouch! That really hurt!
You die...

....
#.##..........
#.#.
#.###......... #
#. #.###....#....
###......####)#.
..........# .#
#####......####.#
................#
...........######
.......@...#
......O........
...........####
...........#
...........#
#.########## #


You could see an ogre.

Vanquished Creatures
  Jessica (D:3)
  Robin (D:3)
  5 adders
  3 worms
  2 dart slugs
  An orc (D:3)
  6 endoplasms
  4 giant cockroaches
  16 goblins
  7 hobgoblins
  4 jackals (D:1)
  2 quokkas (D:2)
  4 ball pythons
  8 bats
  A frilled lizard (D:1)
  8 kobolds
  5 rats
78 creatures vanquished.

Vanquished Creatures (others)
  2 withered plants (D:3)
2 creatures vanquished.

Grand Total: 80 creatures vanquished

Notes
Turn   | Place    | Note
-------+----------+-------------------------------------------
     0 | D:1      | funkygono the Minotaur Fighter began the quest for the Orb.
     0 | D:1      | Reached XP level 1. HP: 19/19 MP: 0/0
   158 | D:1      | Reached XP level 2. HP: 27/27 MP: 1/1
   472 | D:1      | Reached skill level 4 in Armour
   502 | D:1      | Reached XP level 3. HP: 33/33 MP: 2/2
  1256 | D:2      | Reached XP level 4. HP: 40/40 MP: 3/3
  1748 | D:2      | Found Yjixosig's Armour Boutique.
  2090 | D:3      | Noticed Jessica
  2108 | D:3      | Killed Jessica
  2146 | D:3      | Reached XP level 5. HP: 47/47 MP: 4/4
  2158 | D:3      | Found a faded altar of an unknown god.
  2189 | D:3      | Noticed Robin
  2199 | D:3      | Killed Robin
  2386 | D:3      | Found a runed translucent door.
  2386 | D:3      | Noticed Vruhak's ghost (weakling MfFi)
  2399 | D:3      | Reached skill level 5 in Armour
  2829 | D:4      | Noticed an ogre
  2837 | D:4      | Demolished by an ogre

Illustrated notes

Levels and vault maps discovered:
D:1:      minmay_arrival_checkered_box, layout_basic, minmay_tripent
D:2:      layout_basic, serial_shops, nicolae_shop_tiny_waterfront, st_stairs_1,
          minmay_diced_spiral
D:3:      layout_basic, shapermc_ecumenical_altar_acropolis,
          gammafunk_ghost_grave, uniq_jessica, uniq_robin
D:4:      layout_basic, minmay_temple_entry_overgrown,
          kennysheep_generic_room_2, uniq_eustachio

Skill      XL: |  1  2  3  4  5 |
---------------+----------------+-----
Fighting       | 4 |  4.5
Armour         | 4 5 |  5.0
Axes           | 3 4 |  4.3
Shields        | 4 |  4.3
Dodging        | |  0.6

Action                     |  1- 3 |  4- 6 || total
---------------------------+-------+-------++-------
  Melee: War axe           |    62 |    61 ||   123
         Headbutt          |     9 |     8 ||    17
 Armour: Scale mail        |    35 |    31 ||    66
  Dodge: Dodged            |    34 |    28 ||    62
  Block: Buckler           |    23 |    12 ||    35
